 Dungeon Crawl Stone Soup version 0.30-a0-782-ge64f9170bb (webtiles) character file.

Game seed: 9647434835982285001

252 Barriton the Ruffian (level 5, -1/40 HPs)
             Began as a Draconian Transmuter on Mar 7, 2023.
             Asphyxiated
             ... on level 4 of the Dungeon.
             The game lasted 00:05:05 (3106 turns).

Barriton the Ruffian (Draconian Transmuter)         Turns: 3106, Time: 00:05:06

Health: -1/40      AC:  6    Str: 14    XL:     5   Next: 89%
Magic:  8/9        EV: 12    Int: 13    God:
Gold:   158        SH:  0    Dex: 12    Spells: 7/10 levels left

rFire   . . .      SeeInvis .      - Unarmed
rCold   . . .      Faith    .    (no shield)
rNeg    . . .      Spirit   .    (body armour unavailable)
rPois   .          Reflect  .    (helmet restricted)
rElec   .          Harm     .    (no cloak)
rCorr   .          Rampage  .    (no gloves)
Will    +....                    j - +0 pair of boots
Stlth   +                        (no amulet)
HPRegen 0.26/turn                f - ring of flight
MPRegen 0.11/turn                m - ring of willpower

@: lethally poisoned (-1 -> -12), wereblooded, flying, slowed, very slow
A: AC +5, unfitting armour, cold-blooded
a: no special abilities


You were on level 4 of the Dungeon.
You visited 1 branch of the dungeon, and saw 4 of its levels.

You collected 158 gold pieces.

Inventory:

Missiles
 l - a throwing net
Armour
 j - a +0 pair of boots (worn)
Jewellery
 f - a ring of flight (left hand)
 m - a ring of willpower (right hand)
Wands
 b - a wand of roots (5)
Scrolls
 i - a scroll of fear
 o - a scroll of identify
Potions
 a - 2 potions of lignification
 c - a potion of resistance
 d - 3 potions of degeneration {unknown}
 e - a potion of berserk rage {unknown}
 g - a potion of attraction {unknown}
 h - a potion of haste
 k - a potion of curing {unknown}
 n - a potion of mutation {unknown}


   Skills:
 + Level 1.5 Fighting
 + Level 2.4 Dodging
 + Level 0.9 Stealth
 * Level 4.5 Unarmed Combat
 + Level 3.0 Spellcasting
 * Level 3.6 Transmutations


You had 7 spell levels left.
You knew the following spells:

 Your Spells              Type           Power      Damage    Failure   Level
a - Beastly Appendage     Tmut           22%        N/A       5%          1
b - Wereblood             Tmut           11%        N/A       8%          2

Your spell library contained the following spells:

 Spells                   Type           Power      Damage    Failure   Level
 Spider Form              Tmut/Pois      6%         N/A       32%         3
 Vhi's Electric Charge    Tloc/Air       4%         N/A       56%         3
 Ice Form                 Ice/Tmut       6%         N/A       73%         4
 Cause Fear               Hex            1%         N/A       92%         4
 Arcjolt                  Conj/Air       1%         1d11      99%         5
 Dragon Form              Tmut           5%         N/A       100%        7
 Maxwell's Capacitive Co  Air            1%         ∞         100%        8
 Dragon's Call            Summ           1%         N/A       100%        9


Dungeon Overview and Level Annotations

Branches:
Dungeon (4/15)
 Temple: D:4-7

Altars:
Kikubaaqudgha


Innate Abilities, Weirdness & Mutations

Your plain brown scales are hard. (AC +5)
You cannot fit into any form of body armour.
You are cold-blooded and may be slowed by cold attacks.


Message History

You punch the kobold brigand, but do no damage.
The kobold brigand is almost dead.
The phantom hits you.
The phantom blinks!
You blink.
The phantom attacks as you move away! The phantom hits you.
You barely miss the phantom. You claw the phantom, but do no damage.
You headbutt the phantom.
The phantom is heavily damaged.
The phantom hits you.
The phantom blinks!
You blink.
The kobold brigand throws a curare-tipped dart.
The curare-tipped dart hits you.
You are poisoned.
You have difficulty breathing.
You feel yourself slow down.
You closely miss the phantom. Your kick misses the phantom.
The phantom is heavily damaged.
You feel very sick. The phantom hits you.
The phantom blinks!
You blink.
You barely miss the phantom. Your kick misses the phantom.
The phantom is heavily damaged.
You feel sick. The phantom barely misses you.
The kobold brigand throws a curare-tipped dart.
The curare-tipped dart barely misses you.
The phantom hits you.
* * * LOW HITPOINT WARNING * * *
The kobold brigand throws a curare-tipped dart.
The curare-tipped dart closely misses you.
You barely miss the phantom. You headbutt the phantom!
The phantom is almost destroyed.
You feel sick.
The phantom hits you but does no damage.
You barely miss the phantom. Your kick misses the phantom.
The phantom is almost destroyed.
Your horns disappear.
Your talons disappear.
Your +0 pair of boots unmelds from your body.
You feel sick.
The phantom hits you but does no damage.
The kobold brigand throws a curare-tipped dart.
The curare-tipped dart hits you.
You are lethally poisoned!
You have difficulty breathing.
You die...

#..##.# #.............######
#..##.#######..†####...#........
#..##...........# ##.###.######
#..##.#########.# #.......#
##..##.# #.# #####.#.# .......##
#.# #.#.# ##..##..###### #.#
###.# # .......).....# #.#
##.#.#
##..###.####.###@######K.§§#
#..# #.# #...W....K......# #..
#..# #.# #.#########..#..# #.#
#..###.# #.# ### #.###.# #
#......####.###......#< ##.
#.#.............###.# #. ##
..#..##.#.##......... #.
##.####.#.##..###### ## #.
.......).#


You could see a kobold brigand and a phantom.

Vanquished Creatures
  An ogre (D:4)
  A howler monkey (D:4)
  2 orc priests (D:3)
  2 adders
  4 orcs (D:3)
  4 endoplasms
  3 giant cockroaches
  3 goblins
  3 hobgoblins (D:2)
  4 jackals (D:3)
  2 quokkas (D:1)
  5 ball pythons
  7 bats
  A frilled lizard (D:1)
  7 kobolds
  2 rats (D:1)
51 creatures vanquished.

Notes
Turn   | Place    | Note
-------+----------+-------------------------------------------
     0 | D:1      | Barriton the Draconian Transmuter began the quest for the
                  | Orb.
     0 | D:1      | Reached XP level 1. HP: 16/16 MP: 3/3
   790 | D:1      | Reached XP level 2. HP: 23/23 MP: 3/5
  1426 | D:2      | Reached XP level 3. HP: 28/28 MP: 4/6
  1442 | D:2      | Found an ancient bone altar of Kikubaaqudgha.
  1882 | D:3      | Learned a level 2 spell: Wereblood
  1884 | D:3      | HP: 1/28 [orc priest/nerve-wracking pain (6)]
  1886 | D:3      | Reached XP level 4. HP: 1/35 MP: 5/7
  2222 | D:3      | Found a faded altar of an unknown god.
  2435 | D:3      | Identified the +6 mace of Kesal {freeze, rCorr}
  2611 | D:3      | Reached skill level 4 in Unarmed Combat
  2984 | D:4      | Reached XP level 5. HP: 35/40 MP: 7/9
  3041 | D:4      | Noticed an ogre
  3048 | D:4      | Killed an ogre
  3088 | D:4      | Noticed a phantom
  3106 | D:4      | Asphyxiated

Illustrated notes

Levels and vault maps discovered:
D:1:      dreamdust_arrival_beginning_and_end, layout_basic
D:2:      layout_loops_ring, basic_altar
D:3:      layout_basic, hellmonk_ecumenical_altar_dog_temple, grunt_decor_cap
D:4:      layout_loops_ring, dk_noncrumbling_4

Skill      XL: |  1  2  3  4  5 |
---------------+----------------+-----
Dodging        | 2 |  2.4
Unarmed Combat | 4 |  4.5
Transmutations | 3 |  3.6
Spellcasting   | 3 |  3.0
Fighting       | |  1.5
Stealth        | |  0.9

Action                     |  1- 3 |  4- 6 || total
---------------------------+-------+-------++-------
  Melee: Unarmed           |    78 |    68 ||   146
         Tailslap          |    11 |     5 ||    16
         Kick              |    11 |    13 ||    24
         Headbutt          |     4 |    12 ||    16
         Punch             |     1 |     5 ||     6
   Cast: Beastly Appendage |    27 |    14 ||    41
         Wereblood         |       |     2 ||     2
    Use: Scroll            |     8 |       ||     8
 Armour: Skin              |    19 |    17 ||    36
  Dodge: Dodged            |    59 |    51 ||   110

Table legend: (Time is in decaauts)
 A = Elapsed time spent in this place.
 B = Non-inter-level travel time spent in this place.
 C = Inter-level travel time spent in this place.
 D = Time resting spent in this place.
 E = Time spent auto-exploring this place.
 F = Levels seen in this place.
 G = Mean time per level.
                   A        B        C        D        E       F      G
               +--------+--------+--------+--------+--------+-----+--------+
         Total |   3097 |   2933 |    164 |      0 |   2444 |   4 |  774.2 |
       Dungeon |   3097 |   2933 |    164 |      0 |   2444 |   4 |  774.2 |
               +--------+--------+--------+--------+--------+-----+--------+

Top non-repeatable levels by time:
     D:1: 1137 daAuts
     D:3: 1111 daAuts
     D:2: 689 daAuts
     D:4: 159 daAuts
